 Dungeon Crawl Stone Soup version 0.19-a0-805-g0a78ef0 (webtiles) character file.

1723 Ijustatesigmund the Conjurer (level 9, -4/62 HPs)
             Began as a Formicid Venom Mage on June 27, 2016.
             Was an Initiate of Cheibriados.
             Slain by an ogre
             ... wielding a +0 giant club
              (32 damage)
             ... on level 8 of the Dungeon.
             The game lasted 00:27:49 (6908 turns).

Ijustatesigmund the Conjurer (Formicid Venom Mage)  Turns: 6908, Time: 00:27:51

Health: -4/62      AC:  2    Str: 14    XL:     9   Next: 25%
Magic:  1/13       EV: 12    Int: 17    God:    Cheibriados [......]
Gold:   352        SH:  0    Dex: 14    Spells: 4 memorised, 0 levels left

rFire  + . .     SeeInvis +     j - +0 short sword
rCold  + . .     Gourm    .     f - +0 robe {rC+}
rNeg   . . .     Faith    .     (no shield)
rPois  +         Spirit   .     (helmet unavailable)
rElec  .         Dismiss  .     (no cloak)
rCorr  .         Reflect  .     (no gloves)
SustAt .         Harm     .     (no boots)
MR     .....                    (no amulet)
Stlth  ++........               a - ring of poison resistance
                                k - ring of protection from fire

@: very slightly contaminated, very slow, not resistant to hostile enchantments,
unstealthy
A: permanent stasis, dig shafts and tunnels, four strong arms, antennae 3
a: Dig, Shaft Self, Bend Time, Renounce Religion


You were on level 8 of the Dungeon.
You worshipped Cheibriados.
Cheibriados was noncommittal.
You were not hungry.

You visited 2 branches of the dungeon, and saw 9 of its levels.

You collected 352 gold pieces.

Inventory:

Hand Weapons
 j - a +0 short sword (weapon)
Armour
 f - a +0 robe of cold resistance (worn)
 h - a +0 scale mail of cold resistance
Jewellery
 a - a ring of poison resistance (right hand)
 k - a ring of protection from fire (left hand)
Wands
 e - a wand of iceblast (4/15)
Scrolls
 g - a scroll of amnesia
 o - 6 scrolls of identify
 r - 2 scrolls of remove curse
Potions
 i - 4 potions of lignification
 l - 2 potions of flight
 n - a potion of brilliance
 p - a potion of haste
 u - a potion of ambrosia
Books
 b - a Young Poisoner's Handbook

   Spells                             Type                      Level
   a - Sting                          Conjuration/Poison           1
   b - Mephitic Cloud                 Conjuration/Poison/Air       3
   c - Olgreb's Toxic Radiance        Poison                       4
   d - Alistair's Intoxication        Transmutation/Poison         5
   e - Venom Bolt                     Conjuration/Poison           5
Comestibles
 c - 3 bread rations
 d - 2 slices of pizza
 m - 4 meat rations


   Skills:
 - Level 2.5 Fighting
 - Level 3.0 Short Blades
 - Level 1.7 Dodging
 - Level 2.4 Stealth
 + Level 2.7 Spellcasting
 + Level 6.3 Conjurations
 + Level 5.8 Air Magic
 + Level 5.8 Poison Magic


You couldn't memorise any spells.
You knew the following spells:

 Your Spells              Type           Power        Failure   Level  Hunger
a - Sting                 Conj/Pois      ###.         1%          1    #......
b - Mephitic Cloud        Conj/Pois/Air  ###.....     6%          3    ###....
c - Olgreb's Toxic Radia  Pois           ###.....     17%         4    #####..
d - Venom Bolt            Conj/Pois      ###.......   45%         5    ######.


Dungeon Overview and Level Annotations

Branches:
Dungeon (9/15)             Temple (1/1) D:5
   Lair: D:8-11         Orc: D:9-12

Altars:
Cheibriados
Dithmenos
Elyvilon
Gozag
Hepliaklqana
Kikubaaqudgha
Makhleb
Nemelex Xobeh
Okawaru
Pakellas
Qazlal
Ru
Vehumet
Zin
The Shining One

Annotations:
D:4 Amnesiac's ghost, amateur DEWz


Innate Abilities, Weirdness & Mutations

You are under a permanent stasis effect.
You can dig through walls and to a lower floor.
Your four strong arms can wield two-handed weapons with a shield.
You have a pair of large antennae on your head. (SInv)


Message History

Press: ? - help, Shift-Dir - straight line, f/p - ogre
Aim: an ogre, wielding a giant club (heavily wounded, poisoned)
The ball explodes into a vile cloud!
The stinking cloud engulfs the ogre.
The ogre is heavily wounded.
The ogre is engulfed in noxious fumes.
The ogre appears confused.
The ogre looks more healthy.
The ogre is engulfed in noxious fumes.
Casting: Mephitic Cloud
Confirm with . or Enter, or press ? or * to list all spells.
You don't have enough magic to cast that spell.
You retract your mandibles.
You hit the ogre but do no damage.
The ogre is severely wounded.
The ogre is engulfed in noxious fumes.
The ogre appears confused.
The ogre barely misses you.
You hit the ogre.
The ogre is almost dead.
The ogre is engulfed in noxious fumes.
The ogre appears confused.
The ogre covers its eyes.
The ogre hits you with a giant club!!
Ouch! That really hurt!
You die...

.....###.##
.)...#
##.##
.....#
##.##
..(..#
##.##
....##
##.## ....
##.## ....
##.## ##O##
##@# ###


You could see an ogre (confused).

Vanquished Creatures
  Pikel (D:6)
  Edmund (D:4)
  A sky beast (D:5)
  A slave (D:6)
  2 ogres (D:5)
  A centaur (D:5)
  The ghost of Amnesiac the Magician, an amateur DEWz (D:5)
  3 scorpions
  A howler monkey (D:4)
  3 crimson imps
  3 orc wizards
  2 hounds (D:5)
  Ijyb (D:3)
  Natasha (twice) (D:2)
  2 worker ants (D:5)
  2 hound skeletons (D:5)
  9 adders
  2 worms
  A dart slug (D:2)
  2 giant geckos
  10 orcs
  8 bats
  8 giant cockroaches
  11 goblins
  8 hobgoblins
  9 jackals
  4 quokkas
  10 giant newts
  7 kobolds
  5 rats
121 creatures vanquished.

Notes
Turn   | Place    | Note
--------------------------------------------------------------
     0 | D:1      | Ijustatesigmund the Formicid Venom Mage began the quest for the Orb.
     0 | D:1      | Reached XP level 1. HP: 13/13 MP: 3/3
   114 | D:1      | Reached skill level 1 in Fighting
   257 | D:1      | Reached XP level 2. HP: 21/21 MP: 3/5
   772 | D:1      | Reached XP level 3. HP: 28/28 MP: 4/6
   777 | D:1      | Learned a level 3 spell: Mephitic Cloud
  1076 | D:2      | Found a glowing golden altar of the Shining One.
  1183 | D:2      | Reached skill level 1 in Conjurations
  1480 | D:2      | Reached skill level 1 in Air Magic
  1481 | D:2      | Reached XP level 4. HP: 22/34 MP: 0/7
  1791 | D:2      | Noticed Natasha
  1802 | D:2      | Killed Natasha
  1844 | D:2      | Reached XP level 5. HP: 39/39 MP: 5/8
  1873 | D:2      | Reached skill level 2 in Conjurations
  2013 | D:2      | Found an oddly glowing altar of Pakellas.
  2243 | D:2      | Noticed Natasha
  2248 | D:2      | Killed Natasha
  2371 | D:3      | Noticed Ijyb
  2400 | D:3      | Killed Ijyb
  2581 | D:3      | Found a burning altar of Makhleb.
  2835 | D:3      | Reached XP level 6. HP: 46/46 MP: 6/9
  2864 | D:3      | Learned a level 4 spell: Olgreb's Toxic Radiance
  3410 | D:3      | Found a sparkling altar of Nemelex Xobeh.
  3640 | D:4      | Reached skill level 3 in Conjurations
  3649 | D:4      | Noticed Edmund
  3673 | D:4      | Killed Edmund
  3673 | D:4      | Reached XP level 7. HP: 33/51 MP: 0/10
  3909 | D:4      | Noticed Amnesiac's ghost (amateur DEWz)
  3911 | D:4      | You fall through a shaft!
  3911 | D:5      | Entered Level 5 of the Dungeon
  3915 | D:5      | Found a sacrificial altar of Ru.
  3927 | D:5      | Reached skill level 4 in Conjurations
  4212 | D:6      | Noticed Pikel
  4295 | D:6      | Killed Pikel
  4295 | D:6      | Reached skill level 5 in Conjurations
  4295 | D:6      | Reached XP level 8. HP: 47/57 MP: 5/11
  4438 | D:3      | Found a shadowy altar of Dithmenos.
  4754 | D:4      | You fall through a shaft!
  4839 | D:5      | Noticed Amnesiac's ghost (amateur DEWz)
  4867 | D:5      | Killed Amnesiac's ghost
  4867 | D:5      | Reached skill level 5 in Air Magic
  5107 | D:5      | Found a burning altar of Makhleb.
  5176 | D:5      | Reached skill level 1 in Short Blades
  5553 | D:5      | Found a staircase to the Ecumenical Temple.
  5571 | Temple   | Entered the Ecumenical Temple
  6077 | D:5      | Reached skill level 6 in Conjurations
  6077 | D:5      | Reached XP level 9. HP: 45/62 MP: 7/12
  6215 | D:5      | Noticed a troll
  6527 | D:5      | Found a snail-covered altar of Cheibriados.
  6546 | D:5      | Became a worshipper of Cheibriados the Contemplative
  6638 | D:5      | You fall through a shaft for 3 floors!
  6649 | D:8      | Learned a level 5 spell: Venom Bolt
  6667 | D:8      | You fall through a shaft!
  6908 | D:8      | Slain by an ogre

Vault maps used:
D:1:      dpeg_arrival_rooms_with_view
D:2:      lemuel_upstairs_altar, grunt_pakellas_sulfur,
          nicolae_tso_carved_into_rock, uniq_natasha
D:3:      nicolae_overflow_hidden_temple, lemuel_doored_altar,
          lemuel_round_altar, uniq_iyjb
D:4:      first_bread, uniq_edmund
D:5:      minmay_opposing_rooms, slow_altar_2, basic_altar,
          nicolae_ru_great_annihilating_truth
D:6:      lemuel_coloured_pillars_altar, uniq_sigmund, uniq_eustachio,
          uniq_pikel
D:8:      xom_butterflies, lemuel_zombie_altar_yredelemnul
D:9:      eat_drink_and_be_merry_uskayaw, old_standard_altar, ashenzari_altar_1,
          uniq_psyche
Temple:   compressed_dpeg_triangle_lava_temple

Skill      XL: |  1  2  3  4  5  6  7  8  9 |
---------------+----------------------------+-----
Fighting       | 1 2 |  2.5
Conjurations   | 1 2 3 5 6 |  6.3
Air Magic      | 1 2 3 4 5 |  5.8
Short Blades   | 2 3 |  3.0
Dodging        | |  1.7
Stealth        | |  2.4
Spellcasting   | |  2.7
Poison Magic   | |  5.8

Action                   |  1- 3 |  4- 6 |  7- 9 || total
-------------------------+-------+-------+-------++-------
Melee: Unarmed           |    14 |       |       ||    14
       Spear             |    19 |       |       ||    19
       Dagger            |    17 |    78 |   267 ||   362
       Short sword       |       |       |    12 ||    12
Throw: Javelin           |     3 |     2 |     6 ||    11
 Cast: Sting             |    57 |    93 |    80 ||   230
       Mephitic Cloud    |       |       |    13 ||    13
       Olgreb's Toxic Ra |       |       |     2 ||     2
 Abil: Dig               |       |     1 |    17 ||    18
       Shaft Self        |       |       |     4 ||     4
  Use: Potion            |     2 |     1 |     4 ||     7
       Scroll            |       |    12 |     8 ||    20
 Stab: Sleeping          |       |     1 |     3 ||     4
       Invisible         |       |       |     5 ||     5
       Confused          |       |       |     2 ||     2
       Paralysed         |       |       |     1 ||     1
  Eat: Chunk             |     3 |     8 |    10 ||    21
       Beef jerky        |       |       |     1 ||     1
       Royal jelly       |       |       |     1 ||     1
       Fruit             |       |       |     3 ||     3
       Bread ration      |       |       |     1 ||     1
       Pizza             |       |       |     1 ||     1
Armor: Robe              |    15 |     6 |    29 ||    50
Dodge: Dodged            |    52 |    55 |   134 ||   241
